 Dungeon Crawl Stone Soup version 0.29-a0-866-g0545e20025 (webtiles) character file.

Game seed: 14416879630506492422

443 Ajdolov the Slasher (level 7, -2/35 HPs)
             Began as a Vine Stalker Fighter on July 17, 2022.
             Slain by Pikel
             ... wielding a +2 whip of electrocution
              (15 damage)
             ... on level 4 of the Dungeon.
             The game lasted 00:05:31 (3468 turns).

Ajdolov the Slasher (Vine Stalker Fighter)          Turns: 3468, Time: 00:05:32

Health: -2/35      AC: 10    Str: 19    XL:     7   Next: 2%
Magic:  0/8        EV:  9    Int: 13    God:
Gold:   32         SH:  6    Dex: 21    Spells: 6/6 levels left

rFire   . . .      SeeInvis .   a - +0 long sword
rCold   . . .      Faith    .   c - +0 buckler
rNeg    . . .      Spirit   +   b - +0 scale mail
rPois   +          Reflect  .   (no helmet)
rElec   .          Harm     .   (no cloak)
rCorr   .          Rampage  .   (no gloves)
Will    .....                   (no boots)
Stlth   ..........              (no amulet)
HPRegen 0.91/turn               i - ring "Irrocvig" {rPois AC+4 Int+5 Dex+6}
MPRegen 0.11/turn               (no ring)

@: no status effects
A: fangs 2, regeneration 1, magic shield, antimagic bite, no potion heal 2
a: no special abilities


You were on level 4 of the Dungeon.
You visited 1 branch of the dungeon, and saw 4 of its levels.

You collected 194 gold pieces.
You spent 162 gold pieces at shops.

Inventory:

Hand Weapons
 a - a +0 long sword (weapon)
Armour
 b - a +0 scale mail (worn)
 c - a +0 buckler (worn)
Jewellery
 i - the ring "Irrocvig" (left hand) {rPois AC+4 Int+5 Dex+6}
   (You acquired it on level 3 of the Dungeon)

   [ring of protection]

   AC:        It affects your AC (+4).
   Int:       It affects your intelligence (+5).
   Dex:       It affects your dexterity (+6).
   rPois:     It protects you from poison.
Wands
 m - a wand of light (7)
Scrolls
 g - 2 scrolls of amnesia
 h - a scroll of teleportation
 o - a scroll of fog
 r - a scroll of blinking
Potions
 d - 2 potions of might
 e - a potion of cancellation {unknown}
 f - a potion of haste {unknown}
 j - 2 potions of heal wounds {unknown}
 k - 2 potions of invisibility {unknown}
 l - a potion of ambrosia {unknown}
 n - 2 potions of magic {unknown}
 p - 2 potions of brilliance {unknown}
 q - a potion of degeneration {unknown}
 s - 2 potions of curing {unknown}


   Skills:
 - Level 2.6 Fighting
 * Level 5.5 Long Blades
 - Level 2.4 Armour
 + Level 4.5 Shields


You had 6 spell levels left.
You didn't know any spells.
Your spell library contained the following spells:

 Spells                   Type           Power      Damage    Failure   Level
 Sandblast                Erth           0%         2d4       77%         1
 Shock                    Conj/Air       0%         1d3       77%         1
 Passwall                 Tmut/Erth      0%         N/A       88%         2
 Poisonous Vapours        Pois/Air       0%         N/A       88%         2
 Call Canine Familiar     Summ           0%         N/A       98%         3
 Portal Projectile        Hex/Tloc       0%         N/A       98%         3
 Stone Arrow              Conj/Erth      0%         3d7       98%         3
 Tukima's Dance           Hex            0%         N/A       98%         3
 Corpse Rot               Necr/Pois/Air  0%         N/A       100%        4
 Leda's Liquefaction      Hex/Erth       0%         N/A       100%        4
 Blade Hands              Tmut           0%         N/A       100%        5
 Conjure Ball Lightning   Conj/Air       0%         3x3d6     100%        6
 Discord                  Hex            0%         N/A       100%        8
 Disjunction              Tloc           0%         N/A       100%        8


Dungeon Overview and Level Annotations

Branches:
Dungeon (4/15)
 Temple: D:4-7

Altars:
Cheibriados
Dithmenos
Okawaru

Shops:
D:2 [[?

Annotations:
D:4 Pikel


Innate Abilities, Weirdness & Mutations

You have extremely sharp teeth.
Your natural rate of healing is unusually fast.
When hurt, damage is shared between your health and your magic reserves.
Your bite disrupts and absorbs the magic of your enemies.
Potions cannot restore your health.


Message History

That felt strangely unrewarding.
There is a stone staircase leading down here.
Pikel shouts!
Aiming: Bolt of Light
Press: ? - help, Shift-Dir - straight line, f - you
Okay, then.
Aiming: Bolt of Light
Press: ? - help, Shift-Dir - straight line, f - Pikel
Aim: Pikel, wielding a +2 whip of electrocution and wearing a +0 robe (64% to hit)
The bolt of light hits Pikel!
Pikel is moderately wounded.
Pikel is blinded.
The lemure shouts!
You see here a scroll of amnesia.
You hit Pikel but do no damage.
Pikel is moderately wounded.
You block Pikel's attack.
You strike the helpless Pikel from behind!
You slash Pikel! Your bite misses Pikel.
Pikel is heavily wounded.
Pikel hits you with a +2 whip of electrocution!
You slash Pikel! You bite Pikel, but do no damage.
Pikel is heavily wounded.
Pikel hits you but does no damage.
You are electrocuted!
You hit Pikel.
Pikel is severely wounded.
Pikel hits you but does no damage. The lemure closely misses you.
You closely miss Pikel. You bite Pikel, but do no damage.
Pikel is severely wounded.
Pikel closely misses you. You block the lemure's attack.
Unknown command.
You closely miss Pikel. You bite Pikel, but do no damage.
Pikel is severely wounded.
Pikel hits you but does no damage. The lemure hits you!
You hit Pikel. You bite Pikel, but do no damage.
Pikel is severely wounded.
Pikel is no longer blind.
Pikel barely misses you. The lemure hits you but does no damage.
Pikel hits you but does no damage.
You are electrocuted!
You die...

......>............#
...#.#.#####.....####
.[.#.#.#............#
.#######.......#.##.#
.# ##......#....## ##
##...........# ##
##......##..# .#
#......#...# ##
#.....@....# ##
........5K...# .#
⌠.#..........# ##
...#..........# ## ..
#...........# .#
#.........#.## .#
##.##........# .#
###... .......### .#
#...####..#.#.


You could see Pikel and a lemure.

Vanquished Creatures
  A phantom (D:4)
  3 lemures (D:4)
  A scorpion (D:4)
  2 hounds (D:3)
  An orc priest (D:2)
  3 orc wizards
  4 gnolls
  2 adders (D:4)
  An ufetubus (D:4)
  2 worms
  A dart slug (D:3)
  8 orcs
  10 ball pythons
  5 endoplasms
  4 giant cockroaches
  5 goblins
  9 hobgoblins
  2 jackals (D:1)
  6 kobolds
  3 quokkas
  A bat (D:2)
  3 frilled lizards
  5 rats
82 creatures vanquished.

Notes
Turn   | Place    | Note
-------+----------+-------------------------------------------
     0 | D:1      | Ajdolov the Vine Stalker Fighter began the quest for the
                  | Orb.
     0 | D:1      | Reached XP level 1. HP: 11/11 MP: 2/2
    74 | D:1      | Reached skill level 2 in Long Blades
   144 | D:1      | Reached XP level 2. HP: 16/16 MP: 1/3
   954 | D:1      | Reached XP level 3. HP: 19/19 MP: 4/4
  1200 | D:2      | Found Xanyem's Antique Armour Shop.
  1229 | D:2      | Found Joal's Antique Armour Emporium.
  1270 | D:2      | Found Ohijaeciku's Magic Scroll Shoppe.
  1279 | D:2      | Bought a scroll of identify for 26 gold pieces
  1279 | D:2      | Bought a scroll of teleportation for 39 gold pieces
  1313 | D:2      | Reached skill level 3 in Long Blades
  2068 | D:2      | Gained mutation: Your natural rate of healing is unusually
                  | fast. [Vine Stalker growth]
  2068 | D:2      | Reached XP level 4. HP: 13/23 MP: 2/5
  2154 | D:3      | Found a shadowy altar of Dithmenos.
  2169 | D:3      | Identified a scroll of acquirement
  2170 | D:3      | Acquired the ring "Irrocvig" {rPois AC+4 Int+5 Dex+6}
  2259 | D:3      | Reached XP level 5. HP: 27/27 MP: 6/6
  2282 | D:3      | Found a faded altar of an unknown god.
  2309 | D:3      | Got Plato's Verses on the Sky
  2348 | D:3      | Reached skill level 4 in Long Blades
  2843 | D:4      | Found an iron altar of Okawaru.
  2848 | D:4      | Reached XP level 6. HP: 32/32 MP: 7/7
  2941 | D:4      | Found a snail-covered altar of Cheibriados.
  2975 | D:4      | Noticed Pikel
  3046 | D:2      | Bought a scroll of blinking for 97 gold pieces
  3187 | D:3      | Reached skill level 5 in Long Blades
  3322 | D:4      | Reached XP level 7. HP: 25/35 MP: 6/8
  3468 | D:4      | Slain by Pikel

Illustrated notes

Levels and vault maps discovered:
D:1:      grunt_arrival_lava_bath, layout_basic
D:2:      layout_rooms, serial_shops, shop, nicolae_shop_advertising_works
          [nicolae_subvault_shop_adworks], nicolae_shop_statue_plus
D:3:      layout_loops_ring, grunt_dithmenos_smoke_and_mirrors,
          shapermc_ecumenical_altar_rom_forum
D:4:      layout_basic, palyth_temple_overflow_mages,
          mainiacjoe_overflow_alcove_4, okawaru_trees_2, uniq_pikel

Skill      XL: |  1  2  3  4  5  6 |
---------------+-------------------+-----
Long Blades    | 2 3 4 5 |  5.5
Shields        | 3 4 |  4.5
Fighting       | |  2.6
Armour         | |  2.4

Action                   |  1- 3 |  4- 6 |  7- 9 || total
-------------------------+-------+-------+-------++-------
Melee: Long sword        |   108 |   133 |    34 ||   275
       Bite              |    19 |    44 |    12 ||    75
Evoke: Wand              |       |       |     1 ||     1
  Use: Scroll            |     1 |     4 |       ||     5
 Stab: Invisible         |       |       |     1 ||     1
Armor: Scale mail        |    37 |    48 |    11 ||    96
Dodge: Dodged            |    51 |    56 |    13 ||   120
Block: Buckler           |    19 |    35 |    10 ||    64

Table legend: (Time is in decaauts)
 A = Elapsed time spent in this place.
 B = Non-inter-level travel time spent in this place.
 C = Inter-level travel time spent in this place.
 D = Time resting spent in this place.
 E = Time spent auto-exploring this place.
 F = Levels seen in this place.
 G = Mean time per level.
                   A        B        C        D        E       F      G
               +--------+--------+--------+--------+--------+-----+--------+
         Total |   3541 |   3430 |    111 |    495 |   2216 |   4 |  885.2 |
       Dungeon |   3541 |   3430 |    111 |    495 |   2216 |   4 |  885.2 |
               +--------+--------+--------+--------+--------+-----+--------+

Top non-repeatable levels by time:
     D:1: 1186 daAuts
     D:2: 1070 daAuts
     D:3: 718 daAuts
     D:4: 565 daAuts
